 Dungeon Crawl Stone Soup version 0.27-a0-887-gcab673c142 (webtiles) character file.

Game seed: 6117369428737586241

14 Alarkh the Insei (level 2, 21/21 HPs)
             Began as a Demonspawn Transmuter on Apr 3, 2021.
             Got out of the dungeon alive.
             The game lasted 00:00:22 (493 turns).

Alarkh the Insei (Demonspawn Transmuter)             Turns: 493, Time: 00:00:22

Health: 21/21      AC:  2    Str: 10    XL:     2   Next: 31%
Magic:  5/5        EV: 12    Int: 14    God:
Gold:   0          SH:  0    Dex: 13    Spells: 4/5 levels left

rFire    . . .     SeeInvis .     - Unarmed
rCold    . . .     Faith    .   (no shield)
rNeg     . . .     Spirit   .   a - +0 robe
rPois    .         Reflect  .   (no helmet)
rElec    .         Harm     .   (no cloak)
rCorr    .         Rampage  .   (no gloves)
Will     .....                  (no boots)
Stlth    +.........             (no amulet)
HPRegen  0.07/turn              (no ring)
MPRegen  0.18/turn              (no ring)

@: no status effects
A: magic regeneration
a: no special abilities


You escaped.
You visited 1 branch of the dungeon, and saw 1 of its levels.

Inventory:

Missiles
 b - 4 curare-tipped darts
Armour
 a - a +0 robe (worn)


   Skills:
 + Level 1.5 Fighting
 - Level 1.7 Dodging
 * Level 3.2 Unarmed Combat
 - Level 2.0 Spellcasting
 - Level 1.7 Transmutations


You had 4 spell levels left.
You knew the following spells:

 Your Spells              Type           Power      Damage    Failure   Level
a - Beastly Appendage     Tmut           12%        N/A       12%         1

Your spell library contained the following spells:

 Spells                   Type           Power      Damage    Failure   Level
 Wereblood                Tmut           6%         N/A       17%         2
 Spider Form              Tmut/Pois      1%         N/A       45%         3
 Ice Form                 Ice/Tmut       3%         N/A       86%         4
 Hydra Form               Tmut           3%         N/A       97%         5


Dungeon Overview and Level Annotations

Branches:
Dungeon (1/15)

Altars:


Innate Abilities, Weirdness & Mutations

You regenerate magic rapidly.


Message History

No target in view!
No target in view!
No target in view!
No target in view!
No target in view!
No target in view!
No target in view!
No target in view!
No target in view!
No target in view!
No target in view!
No target in view!
No target in view!
No target in view!
You see here a hobgoblin corpse.
An endoplasm comes into view.
There is a stone staircase leading down here.
You can't go up here!
The endoplasm quivers.
You hit the endoplasm.
You kill the endoplasm!
No target in view!
No target in view!
No target in view!
No target in view!
No target in view!
No target in view!
No target in view!
No target in view!
No target in view!
No target in view!
No target in view!
No target in view!
No target in view!
(D) Dungeon
Where to? (Enter - D:1 @ (x,y), ? - help)
You see here a +0 club.
There is a staircase leading out of the dungeon here.
Are you sure you want to leave the Dungeon?
This will make you lose the game!
You have escaped!

#.......#...#
#.......#♣.♣#
+.......#♣.♣
#.......#♣.♣
#.......#♣.♣
#.......#♣.♣
#####.#.#♣.♣
...#.#♣.♣
#####.#♣@♣
#############.#♣.♣
..†...........#♣.♣
###...........#♣.♣
...._.........#♣.♣
###.###########♣.♣
#.# ♣.♣ #.# ♣.♣
#.#


There were no monsters in sight!

Vanquished Creatures
  2 endoplasms (D:1)
  2 hobgoblins (D:1)
  3 jackals (D:1)
  A bat (D:1)
  3 goblins (D:1)
  A rat (D:1)
12 creatures vanquished.

Notes
Turn   | Place    | Note
-------+----------+-------------------------------------------
     0 | D:1      | Alarkh the Demonspawn Transmuter began the quest for the
                  | Orb.
     0 | D:1      | Reached XP level 1. HP: 15/15 MP: 3/3
   226 | D:1      | Reached skill level 3 in Unarmed Combat
   369 | D:1      | Found a faded altar of an unknown god.
   382 | D:1      | Gained mutation: You regenerate magic rapidly. [demonic
                  | ancestry]
   382 | D:1      | Reached XP level 2. HP: 21/21 MP: 5/5
   493 | D:$      | Got out of the dungeon alive.

Illustrated notes

Levels and vault maps discovered:
D:1:      eino_arrival_tree_alley, layout_basic, basic_ecumenical_altar

Skill      XL: |  1 |
---------------+----+-----
Unarmed Combat | 3 |  3.2
Fighting       | |  1.5
Dodging        | |  1.7
Spellcasting   | |  2.0
Transmutations | |  1.7

Action                   || total
-------------------------++-------
Melee: Unarmed           ||    39
       Kick              ||     1
 Cast: Beastly Appendage ||     1
Armor: Robe              ||     9
Dodge: Dodged            ||    20

Table legend: (Time is in decaauts)
 A = Elapsed time spent in this place.
 B = Non-inter-level travel time spent in this place.
 C = Inter-level travel time spent in this place.
 D = Time resting spent in this place.
 E = Time spent auto-exploring this place.
 F = Levels seen in this place.
 G = Mean time per level.
                   A        B        C        D        E       F      G
               +--------+--------+--------+--------+--------+-----+--------+
         Total |    491 |    428 |     63 |     12 |    337 |   1 |  491.0 |
       Dungeon |    491 |    428 |     63 |     12 |    337 |   1 |  491.0 |
               +--------+--------+--------+--------+--------+-----+--------+

Top non-repeatable levels by time:
     D:1: 491 daAuts
